 Dungeon Crawl Stone Soup version 0.28.0-53-g5a82cb258f (webtiles) character file.

Game seed: 6872778882951967141

177 Nyth the Cudgeller (level 5, -1/70 HPs)
             Began as a Minotaur Berserker on Aug 9, 2022.
             Was a Believer of Trog.
             Slain by Pikel
             ... wielding a +0 whip of electrocution
              (13 damage)
             ... on level 4 of the Dungeon.
             The game lasted 00:10:17 (5428 turns).

Nyth the Cudgeller (Minotaur Berserker)             Turns: 5428, Time: 00:10:17

Health: -1/70      AC: 13    Str: 21      XL:     5   Next: 31%
Magic:  4/4        EV: 11    Int:  3 (4)  God:    Trog [**....]
Gold:   127        SH:  3    Dex: 10 (12) Spells: 4/4 levels left

rFire   x . .      SeeInvis .   a - +1 mace (protect)
rCold   + + .      Faith    .   j - +0 buckler
rNeg    . . .      Spirit   .   l - +3 leather armour {rC+}
rPois   .          Reflect  .   (helmet restricted)
rElec   .          Harm     .   (no cloak)
rCorr   .          Rampage  .   (no gloves)
Will    .....                   (no boots)
Stlth   ..........              (no amulet)
HPRegen 0.21/turn               c - ring of ice
MPRegen 0.09/turn               (no ring)

@: berserking (expiring), under a protective aura, very quick
A: horns 2, retaliatory headbutt
a: Renounce Religion, Berserk, Trog's Hand


You were on level 4 of the Dungeon.
You worshipped Trog.
Trog was pleased with you.
You visited 1 branch of the dungeon, and saw 4 of its levels.

You collected 127 gold pieces.

Inventory:

Hand Weapons
 a - a +1 mace of protection (weapon)
 g - a +2 quarterstaff of chaos
Missiles
 h - 2 throwing nets
Armour
 b - a +0 animal skin
 f - a +0 ring mail
 i - a +1 cloak
 j - a +0 buckler (worn)
 l - a +3 leather armour of cold resistance (worn)
Jewellery
 c - a ring of ice (left hand)
Scrolls
 d - 6 scrolls of identify
 e - a scroll of fear
 k - a scroll of enchant armour
 n - 2 scrolls of enchant weapon
Potions
 o - a potion of attraction {unknown}


   Skills:
 * Level 4.6 Fighting
 * Level 5.0(5.1) Maces & Flails
 - Level 1.6(3.5) Staves
 * Level 3.6 Armour
 * Level 3.1 Dodging
 - Level 0.4 Stealth


You had 4 spell levels left.
You didn't know any spells.
Your spell library was empty.

Dungeon Overview and Level Annotations

Branches:
Dungeon (4/15)
 Temple: D:4-7

Altars:

Annotations:
D:4 Pikel


Innate Abilities, Weirdness & Mutations

You have a pair of horns on your head.
You reflexively headbutt those who attack you in melee.


Message History

The quokka moves out of view.
A red film seems to cover your vision as you go berserk!
You feel yourself moving faster!
You feel mighty!
The lemure shouts!
The lemure closely misses you.
You miss the lemure. Your headbutt misses the lemure.
The lemure hits you but does no damage.
You barely miss the lemure.
The lemure shouts!
You headbutt the lemure!
The lemure is moderately wounded.
The lemure barely misses you. You furiously retaliate!
You headbutt the lemure!
Pikel hits you with a +0 whip of electrocution.
You hit the lemure.
Your weapon exudes an aura of protection.
The lemure is almost dead.
The lemure barely misses you. You furiously retaliate!
You headbutt the lemure. Pikel hits you but does no damage.
You are electrocuted!
You barely miss the lemure.
The lemure is almost dead.
The lemure misses you.
You barely miss the lemure.
The lemure is almost dead.
Pikel hits you with a +0 whip of electrocution.
You are electrocuted!
You are too berserk!
You thump the lemure!
You feel the power of Trog in you as your rage grows.
You kill the lemure!
That felt strangely unrewarding.
You sock Pikel! Your headbutt misses Pikel.
Pikel is heavily wounded.
Pikel hits you with a +0 whip of electrocution.
You closely miss Pikel. Your headbutt misses Pikel.
Pikel is heavily wounded.
Pikel hits you but does no damage.
You are electrocuted!!
* * * LOW HITPOINT WARNING * * *
You feel a strong urge to attack something.
Pikel hits you but does no damage.
You are electrocuted!
You die...

..## ##.............# ##..###
...###.............# ##.[##
...................# ###..##
....##...........K# ##...##
....####.#.......# ##...##
.....####.#.....#####..###
......# ##.....####...##
......####...r5###...##
.......##...##5K@...########
##.....##...#####..###.....###
####..###..## ##..##.......###
# ######..# ##..#.........##
#...# #####..#.........# ##
#..## #..###..#..[...... .#
##..# #....##..#........ .#
#..## #.....##.##....... .#
#..# #......##.###.....


You could see Pikel, 2 lemures and a quokka.

Vanquished Creatures
  A lemure (D:4)
  Crazy Yiuf (D:2)
  A bullfrog skeleton (D:3)
  2 adders
  An ufetubus (D:3)
  An adder skeleton (D:4)
  A worm (D:2)
  3 dart slugs
  6 orcs (D:3)
  4 ball pythons
  8 endoplasms
  3 giant cockroaches
  6 goblins
  5 hobgoblins
  11 jackals (D:3)
  5 kobolds
  A quokka (D:2)
  7 bats
  3 frilled lizards
  4 rats
74 creatures vanquished.

Notes
Turn   | Place    | Note
-------+----------+-------------------------------------------
     0 | D:1      | Nyth the Minotaur Berserker began the quest for the Orb.
     0 | D:1      | Reached XP level 1. HP: 19/19 MP: 0/0
   459 | D:1      | Reached XP level 2. HP: 27/27 MP: 1/1
   595 | D:1      | Reached skill level 4 in Maces & Flails
  1422 | D:2      | Reached XP level 3. HP: 22/33 MP: 2/2
  1546 | D:2      | Found a runed translucent door.
  1547 | D:2      | Noticed Crazy Yiuf
  2428 | D:2      | Found a faded altar of an unknown god.
  2756 | D:2      | Killed Crazy Yiuf
  2757 | D:2      | Reached XP level 4. HP: 30/41 MP: 3/3
  3821 | D:3      | Reached ** piety under Trog
  3825 | D:3      | Reached skill level 1 in Staves
  3937 | D:3      | Reached XP level 5. HP: 46/47 MP: 4/4
  4732 | D:4      | Noticed a lemure
  4733 | D:4      | Noticed a lemure
  4734 | D:4      | Noticed a lemure
  4734 | D:4      | Noticed Pikel
  4736 | D:4      | Noticed a lemure
  4750 | D:4      | HP: 1/47 [lemure[Pikel] (7)]
  5268 | D:4      | Reached skill level 5 in Maces & Flails
  5424 | D:4      | Killed a lemure
  5428 | D:4      | Slain by Pikel

Illustrated notes

Levels and vault maps discovered:
D:1:      dpeg_arrival_signposts, layout_basic, kennysheep_doodads,
          minmay_small_reverse_x
D:2:      layout_rooms, dreamdust_ecumenical_altar_statues,
          uniq_crazy_yiuf_cottage
D:3:      layout_basic, nicolae_overflow_hidden_temple, minmay_between
D:4:      layout_cave_pods, cheibrodos_sewer_entry_bend, minivault_24,
          uniq_pikel

Skill      XL: |  1  2  3  4  5 |
---------------+----------------+-----
Maces & Flails | 4 5 |  5.0
Fighting       | 4 |  4.6
Armour         | 3 |  3.6
Staves         | 1 |  1.6
Dodging        | 3 |  3.1
Stealth        | |  0.4

Action                   |  1- 3 |  4- 6 || total
-------------------------+-------+-------++-------
Melee: Mace              |    58 |    41 ||    99
       Headbutt          |     3 |    14 ||    17
       Punch             |     1 |       ||     1
       Quarterstaff      |       |    56 ||    56
Invok: Berserk           |     2 |     2 ||     4
  Use: Potion            |     5 |       ||     5
       Scroll            |     4 |     3 ||     7
Armor: Animal skin       |     2 |       ||     2
       Leather armour    |    22 |    56 ||    78
       Ring mail         |     4 |       ||     4
Dodge: Dodged            |    39 |    85 ||   124
Block: Buckler           |       |     3 ||     3
